Map: Dusk Towers

Players

Guru

  • Race: Zerg Zerg
  • League: Grandmaster

Miszu - Winner!

  • Race: Terran Terran
  • League: Grandmaster

VOD

Have the link to the VOD?

Description

Time

  • Played on: Feb. 20, 2016, 1:20 p.m.
  • Length: 35:42
Show
View Real Time Build Order
Export as new Build Order

Guru Zerg 

Build Orders: Hatch First 

Get SALT Encoding   

  12  0:01  Drone  
  13  0:12  Overlord  
  13  0:18  Drone  
  14  0:31  Drone x2  
  14  0:34  Drone  
  17  0:52  Hatchery  
  17  0:54  Drone  
  17  1:07  Spawning Pool  
  17  1:10  Extractor  
  15  1:13  Drone  
  15  1:17  Drone  
  17  1:23  Drone  
  18  1:29  Drone  
  19  1:40  Overlord  
  19  1:54  Zergling x2, Queen  
  22  2:04  Queen  
  24  2:09  Drone  
  24  2:14  Metabolic Boost  
  25  2:19  Drone  
  27  2:22  Drone  
  27  2:23  Drone  
  28  2:30  Hatchery  
  28  2:34  Drone  
  28  2:36  Drone  
  29  2:39  Drone  
  30  2:46  Overlord  
  30  2:53  Overlord  
  29  3:05  Drone x3  
  32  3:08  Queen  
  32  3:10  Overlord  
  34  3:14  Drone x4  
  34  3:17  Drone  
  39  3:25  Drone  
  40  3:29  Overlord  
  40  3:32  Drone  
  40  3:33  Roach Warren  
  40  3:37  Drone x3  
  43  3:44  Drone x3  
  43  3:45  Drone  
  47  3:54  Zergling x2  
  47  3:55  Drone x4  
  52  4:01  Queen  
  54  4:05  Extractor  
  53  4:10  Extractor  
  53  4:11  Drone  
  53  4:12  Drone x3  
  53  4:14  Drone, Spore Crawler  
  53  4:17  Spore Crawler  
  55  4:18  Spore Crawler  
  55  4:22  Roach x3  
  55  4:23  Roach  
  62  4:27  Roach x2  
  66  4:41  Overlord  
  66  4:47  Overlord  
  66  4:49  Overlord, Lair  
  65  4:55  Pneumatized Carapace  
  65  4:56  Overlord  
  65  5:01  Drone x3  
  68  5:10  Drone  
  68  5:12  Drone  
  69  5:18  Drone  
  69  5:19  Drone x13  
  80  5:26  Evolution Chamber  
  80  5:27  Extractor, Evolution Chamber  
  77  5:28  Extractor  
  77  5:34  Queen  
  77  5:35  Drone x2  
  78  5:39  Queen  
  78  5:41  Overlord  
  80  5:43  Overlord  
  80  5:45  Drone x2  
  80  5:46  Drone  
  83  5:50  Glial Reconstitution  
  83  5:52  Evolution Chamber  
  83  5:56  Zerg Missile Weapons Level 1  
  82  5:59  Roach  
  82  6:00  Roach x2  
  82  6:04  Roach  
  90  6:06  Extractor  
  90  6:07  Infestation Pit  
  90  6:09  Drone x3  
  91  6:11  Roach x2  
  91  6:14  Ravager  
  91  6:15  Ravager x3  
  94  6:29  Drone x3  
  94  6:32  Drone x5  
  102  6:33  Overlord  
  101  6:44  Drone  
  101  6:45  Drone x2  
  101  6:46  Drone  
  101  6:47  Drone x2  
  103  6:51  Zerg Ground Armor Level 1  
  103  6:54  Infestor x3  
  104  7:05  Overlord  
  104  7:07  Ravager x2  
  96  7:17  Drone x3  
  96  7:21  Roach x4  
  96  7:22  Spire  
  106  7:25  Roach x2  
  110  7:31  Roach  
  112  7:38  Hatchery  
  112  7:40  Roach x4  
  112  7:42  Roach x3  
  125  7:45  Roach x2  
  125  7:48  Overlord  
  129  7:54  Overlord  
  129  7:57  Zerg Missile Weapons Level 2  
  129  7:59  Overlord  
  129  8:03  Overlord  
  129  8:07  Roach x2  
  129  8:08  Overlord  
  129  8:09  Queen  
  129  8:10  Roach  
  129  8:12  Overlord x2  
  137  8:14  Overlord  
  137  8:19  Hive  
  137  8:20  Overlord  
  137  8:28  Drone x7  
  137  8:31  Drone x2  
  137  8:32  Drone  
  147  8:36  Zerg Flyer Weapons Level 1  
  147  8:39  Ravager x3  
  147  8:40  Ravager  
  151  8:42  Roach  
  151  8:43  Roach  
  151  8:44  Roach x2  
  151  8:46  Roach x2  
  163  8:51  Drone  
  163  8:52  Drone  
  165  9:01  Roach  
  165  9:02  Roach x11  
  189  9:10  Spore Crawler  
  189  9:12  Spore Crawler  
  189  9:13  Extractor  
  189  9:14  Overlord  
  186  9:18  Drone x2  
  186  9:19  Drone  
  186  9:22  Spore Crawler, Drone  
  189  9:26  Zerg Ground Armor Level 2, Hatchery, Spine Crawler x2  
  189  9:28  Drone x2  
  188  9:37  Overlord  
  188  9:42  Ultralisk Cavern  
  187  9:49  Drone x2  
  187  9:52  Extractor  
  188  9:53  Drone x3  
  188  9:56  Spine Crawler  
  188  9:57  Roach x6, Spine Crawler x2  
  188  9:58  Roach x4  
  200  10:03  Overlord  
  203  10:09  Overlord  
  197  10:28  Chitinous Plating  
  197  10:31  Spine Crawler  
  197  10:32  Greater Spire  
  194  10:49  Hatchery  
  165  11:06  Drone x2  
  165  11:10  Extractor x2, Drone x3  
  165  11:11  Corruptor, Drone x3  
  171  11:13  Corruptor  
  171  11:14  Corruptor x6  
  171  11:15  Corruptor  
  181  11:24  Corruptor x4  
  187  11:27  Spine Crawler  
  187  11:28  Spore Crawler, Spine Crawler x2  
  183  11:33  Ultralisk  
  183  11:37  Ultralisk  
  196  11:47  Zergling x2  
  196  11:53  Spine Crawler x2  
  194  11:54  Brood Lord  
  194  11:55  Brood Lord  
  194  12:00  Brood Lord  
  194  12:11  Brood Lord  
  194  12:12  Brood Lord  
  189  12:32  Brood Lord x2  
  189  12:33  Brood Lord  
  189  12:35  Drone x3  
  198  12:39  Brood Lord  
  200  12:45  Overseer  
  198  12:52  Brood Lord  
  198  12:55  Brood Lord  
  200  13:02  Overseer x2  
  194  13:21  Corruptor  
  194  13:22  Corruptor  
  199  13:40  Drone x2  
  199  13:48  Drone  
  200  13:52  Zerg Ground Armor Level 3, Lair, Zerg Missile Weapons Level 3  
  197  14:37  Hatchery  
  196  14:43  Hatchery  
  187  14:51  Spire x2  
  185  15:06  Hive  
  183  15:10  Extractor  
  183  15:12  Extractor  
  183  15:13  Drone  
  183  15:14  Drone x2  
  184  15:20  Hatchery  
  183  15:21  Overlord  
  179  15:48  Queen x2  
  183  15:56  Drone x3  
  186  15:57  Drone  
  185  16:13  Corruptor  
  185  16:14  Corruptor x7  
  185  16:16  Zerg Flyer Weapons Level 2, Zerg Flyer Armor Level 1  
  200  16:21  Pathogen Glands  
  200  16:24  Ultralisk Cavern  
  197  16:53  Corruptor  
  197  17:06  Corruptor x5  
  200  17:20  Hatchery x2  
  198  17:29  Hatchery  
  196  17:57  Drone x2  
  193  17:58  Drone  
  193  17:59  Drone x3  
  193  18:02  Drone  
  196  18:06  Drone x5  
  196  18:08  Drone, Spore Crawler  
  196  18:09  Drone x2  
  198  18:37  Overseer x2  
  192  19:00  Spine Crawler  
  192  19:02  Spine Crawler x3  
  188  19:03  Spine Crawler  
  188  19:04  Spine Crawler x2  
  188  19:05  Spine Crawler  
  188  19:06  Spore Crawler x2, Spine Crawler  
  188  19:07  Spore Crawler, Spine Crawler x2  
  178  19:17  Corruptor  
  178  19:18  Corruptor x10  
  176  19:41  Corruptor x4  
  176  19:42  Corruptor x5  
  176  19:43  Corruptor x3  
  200  19:58  Zerg Flyer Weapons Level 3  
  200  19:59  Extractor  
  199  20:04  Extractor  
  198  20:25  Drone x2  
  196  21:38  Viper  
  196  21:39  Viper x2  
  199  22:08  Drone  
  200  22:15  Extractor  
  199  22:19  Extractor  
  198  22:23  Zerg Flyer Armor Level 2  
  198  22:33  Spawning Pool  
  198  22:35  Spawning Pool  
  198  22:36  Viper  
  199  22:40  Overseer x2  
  199  22:41  Overseer x3  
  199  22:42  Overseer x2  
  194  22:51  Drone  
  194  22:52  Drone x2  
  194  22:55  Drone  
  194  22:56  Drone  
  198  23:12  Overseer  
  198  23:13  Overseer x5  
  198  23:15  Overseer x2  
  198  23:29  Drone x2  
  200  23:37  Overseer  
  200  23:39  Overseer  
  180  25:31  Greater Spire  
  180  25:40  Corruptor  
  180  25:41  Corruptor x9  
  200  25:46  Adrenal Glands  
  200  25:48  Zerg Melee Weapons Level 1  
  200  25:57  Zerg Flyer Armor Level 3  
  191  26:42  Brood Lord x2  
  191  26:43  Brood Lord x2  
  199  26:53  Brood Lord x2  
  199  26:54  Brood Lord  
  199  26:58  Spore Crawler  
  199  27:01  Brood Lord  
  197  27:12  Brood Lord  
  175  28:16  Overlord  
  175  28:19  Brood Lord  
  183  28:20  Brood Lord x3  
  183  28:22  Overlord x2  
  179  28:47  Brood Lord x2  
  179  28:48  Corruptor, Brood Lord x6  
  197  28:49  Brood Lord  
  197  29:35  Corruptor  
  108  30:52  Overlord x3  
  108  30:53  Overlord x3  
  108  30:56  Overlord x6  
  108  30:57  Overlord x2  
  90  30:58  Overlord x2  
  90  30:59  Overlord x5  
  90  31:14  Brood Lord  
  90  31:15  Brood Lord x9  
  90  31:16  Corruptor  
  90  31:17  Corruptor x6  
  90  31:18  Viper x2  
  124  31:19  Viper  
  124  31:20  Queen x2  
  124  31:21  Queen x6  
  124  31:24  Corruptor x4  
  124  31:25  Corruptor x3  
  163  31:29  Corruptor x3  
  169  31:34  Overseer x2  
  169  31:35  Overseer x2  
  169  31:36  Overseer x3  
  169  31:37  Overseer x3  
  169  31:39  Overseer x2  
  169  31:56  Queen x4  
  169  31:57  Queen x4  
  185  32:07  Hatchery  
  184  32:08  Corruptor  
  184  32:09  Corruptor x2  
  190  32:17  Corruptor  
  190  32:18  Corruptor  
  194  32:27  Overseer  
  194  32:28  Overseer x3  
  194  32:32  Overseer  
  194  32:54  Corruptor  
  186  33:13  Corruptor x2  
  190  33:40  Extractor, Drone x2  
  190  33:41  Drone  
  192  33:42  Extractor, Drone x3  
  192  33:44  Zergling x12  
  200  34:01  Spore Crawler  
  199  34:05  Spine Crawler x2  
  199  34:06  Spine Crawler  
  199  34:09  Spine Crawler  
  194  34:42  Overseer x3  
  194  34:44  Overseer  
Show
View Real Time Build Order
Export as new Build Order

Miszu Terran - Winner!

Build Orders: Liberator Opening, Bio Tank 

Get SALT Encoding   

  12  0:01  SCV  
  13  0:13  SCV  
  14  0:19  Supply Depot  
  14  0:25  SCV  
  15  0:41  SCV  
  15  0:42  Barracks  
  16  0:45  Refinery  
  16  0:53  SCV  
  17  1:05  SCV  
  18  1:17  SCV  
  19  1:29  Orbital Command  
  19  1:31  Barracks Reactor  
  19  1:39  Command Center  
  19  1:50  Supply Depot  
  19  1:54  SCV  
  20  2:06  SCV  
  21  2:08  Factory  
  21  2:11  Marine x2  
  23  2:15  Refinery  
  23  2:18  SCV  
  24  2:28  Marine  
  24  2:29  Marine  
  26  2:31  SCV  
  27  2:43  SCV  
  28  2:47  Marine x2  
  25  2:51  Orbital Command  
  30  2:55  SCV  
  31  2:58  Starport  
  31  3:03  Factory Tech Lab  
  31  3:07  SCV  
  32  3:18  SCV  
  32  3:19  SCV  
  34  3:29  Supply Depot  
  34  3:30  SCV, Factory Tech Lab  
  34  3:31  Liberator, SCV  
  36  3:37  Fusion Core  
  36  3:42  SCV  
  36  3:43  SCV  
  38  3:52  Supply Depot  
  38  3:54  SCV  
  42  3:56  SCV  
  42  4:01  Command Center  
  43  4:06  SCV  
  43  4:08  SCV  
  45  4:11  Refinery x2  
  45  4:18  SCV  
  45  4:20  SCV  
  45  4:24  Advanced Ballistics  
  47  4:31  SCV  
  48  4:32  SCV  
  48  4:34  Barracks  
  48  4:37  Barracks, Liberator  
  49  4:43  Engineering Bay x2, SCV  
  49  4:44  SCV  
  51  4:50  Supply Depot  
  51  4:55  SCV  
  51  4:56  SCV  
  56  5:07  SCV  
  56  5:08  SCV  
  56  5:13  Marine x2  
  61  5:17  Terran Infantry Weapons Level 1, Terran Infantry Armor Level 1  
  61  5:18  Orbital Command  
  61  5:19  SCV  
  61  5:20  SCV  
  61  5:21  Liberator  
  62  5:22  Barracks Tech Lab  
  62  5:24  Barracks Tech Lab  
  62  5:31  Supply Depot, SCV  
  62  5:32  SCV  
  64  5:38  Orbital Command  
  64  5:41  Stimpack  
  64  5:43  SCV, Combat Shields  
  64  5:44  SCV  
  64  5:46  Marine  
  67  5:53  Barracks  
  67  5:55  Marine  
  67  5:56  Barracks  
  68  5:57  Siege Tank  
  68  5:58  SCV  
  68  6:00  SCV  
  68  6:02  Supply Depot  
  73  6:05  SCV  
  73  6:11  SCV  
  75  6:14  SCV  
  75  6:15  Marine x2  
  75  6:16  Marine x2  
  75  6:18  SCV  
  81  6:23  SCV  
  82  6:26  SCV  
  82  6:29  Supply Depot  
  82  6:30  Supply Depot, SCV  
  84  6:33  Marine  
  84  6:35  SCV  
  84  6:38  Refinery, Marine x2, SCV  
  84  6:39  Factory, Refinery  
  89  6:45  SCV  
  87  6:48  Starport Reactor, Siege Tank  
  87  6:51  SCV  
  87  6:52  SCV  
  87  6:53  Marine  
  87  6:54  Barracks Reactor x2  
  93  6:55  Marine x2  
  93  6:57  Supply Depot, SCV  
  93  6:59  Supply Depot  
  96  7:03  SCV  
  96  7:05  SCV  
  98  7:09  SCV  
  98  7:12  Marauder  
  98  7:14  Marauder  
  103  7:16  SCV  
  103  7:17  Marine x2  
  103  7:18  Concussive Shells  
  103  7:22  SCV  
  104  7:23  Supply Depot  
  104  7:24  Factory Tech Lab  
  104  7:25  Supply Depot, Medivac, Armory  
  104  7:26  Medivac  
  104  7:28  Siege Tank  
  111  7:34  Marauder  
  111  7:35  Marine  
  111  7:36  Marauder  
  116  7:43  Siege Tank  
  119  7:55  Barracks x2  
  119  7:56  Barracks  
  119  7:58  Supply Depot, Marauder  
  121  7:59  Supply Depot, Medivac x2  
  121  8:00  Hellion, Marauder  
  121  8:01  Marauder  
  131  8:15  Siege Tank, Terran Vehicle Weapons Level 1  
  131  8:19  Supply Depot  
  134  8:22  Supply Depot  
  134  8:23  Supply Depot  
  134  8:25  Siege Tank, Marauder  
  139  8:27  Marine, Marauder  
  139  8:28  Marine  
  139  8:29  Medivac x2  
  139  8:31  Marine, Marauder  
  150  8:35  Marine  
  151  8:45  Marine x2  
  151  8:46  Marauder  
  151  8:47  Siege Tank  
  158  8:49  Marine, Marauder  
  158  8:52  Marine, Barracks Tech Lab  
  158  8:53  Barracks Tech Lab x2, Marauder  
  164  8:59  Medivac  
  165  9:03  Marine x2  
  165  9:05  Command Center  
  165  9:07  Marauder  
  167  9:12  Siege Tank, Marauder x4  
  178  9:17  Supply Depot  
  178  9:18  Supply Depot  
  178  9:21  Marauder  
  178  9:23  Siege Tank  
  182  9:34  Supply Depot x2  
  182  9:39  Terran Infantry Armor Level 2, Terran Infantry Weapons Level 2  
  182  9:47  Starport  
  180  9:56  Refinery  
  180  9:58  Refinery  
  180  10:05  Liberator x2  
  180  10:16  Marauder, Liberator  
  173  10:24  Siege Tank x2  
  179  10:48  Liberator x2  
  179  10:49  Marine, Marauder  
  135  11:00  Marauder x3  
  135  11:03  Marine, Marauder  
  135  11:04  Marine x3  
  134  11:07  Marine  
  134  11:08  Planetary Fortress  
  134  11:10  Marine  
  145  11:12  Missile Turret  
  145  11:13  Command Center, Liberator  
  145  11:20  Marine  
  145  11:21  Marine x3  
  145  11:22  Marine x2  
  151  11:27  Command Center  
  151  11:31  Liberator x2  
  154  11:44  Marine  
  154  11:45  Marine x6  
  154  11:46  Marine  
  162  11:52  Terran Ship Weapons Level 1  
  168  12:02  Missile Turret  
  168  12:03  Terran Infantry Armor Level 3  
  168  12:05  Missile Turret  
  168  12:07  Missile Turret  
  160  12:28  Ghost Academy  
  160  12:31  Medivac x3  
  166  12:40  Missile Turret  
  166  12:54  Marine x4  
  166  12:55  Marine x3  
  173  13:02  Marine x2  
  173  13:04  Medivac x3  
  173  13:05  Sensor Tower  
  179  13:21  Marine x2  
  179  13:22  Marine x8  
  184  13:34  Medivac x2  
  184  13:39  Marine x7  
  184  13:40  Viking, Marine x3  
  196  13:57  Marine x3  
  196  13:59  Marine  
  190  14:05  Ghost x4  
  190  14:06  Ghost x2  
  193  14:14  Viking, Hellion  
  197  14:20  Refinery  
  197  14:21  Viking  
  199  14:44  Ghost  
  199  14:45  Ghost x2  
  200  15:04  Ghost  
  200  15:14  Ghost x3  
  194  15:17  Sensor Tower, Command Center  
  200  15:24  Liberator  
  200  15:40  Planetary Fortress  
  198  16:16  Refinery  
  198  16:21  Refinery  
  198  16:33  Ghost x2  
  198  16:37  Personal Cloaking  
  198  16:39  Terran Infantry Weapons Level 3  
  188  16:59  Liberator x2  
  186  17:14  Ghost x6  
  193  17:17  Planetary Fortress  
  199  17:25  Sensor Tower  
  199  17:26  Missile Turret  
  199  17:30  Missile Turret  
  199  17:55  Liberator x3  
  199  17:56  Ghost Academy x3  
  194  18:29  Ghost  
  194  18:30  Ghost x5  
  200  18:37  Liberator  
  190  18:50  Nuke x3  
  193  18:56  Command Center  
  193  19:25  Ghost x3  
  193  19:29  Starport Reactor  
  197  19:43  Ghost  
  199  19:57  Command Center x2  
  196  20:45  Liberator  
  196  20:47  Liberator  
  180  21:00  Ghost x3  
  180  21:01  Ghost x3  
  186  21:07  Orbital Command  
  186  21:21  Refinery  
  186  21:23  Refinery  
  186  21:29  Ghost  
  188  21:37  Sensor Tower, Missile Turret  
  188  21:40  Missile Turret  
  188  21:41  Planetary Fortress  
  188  21:44  Planetary Fortress  
  188  21:54  Command Center  
  188  22:05  Refinery  
  188  22:08  Refinery  
  188  22:10  Command Center  
  188  22:24  Marine  
  188  22:27  Ghost x3  
  195  22:45  Ghost x2  
  199  22:56  Marine  
  200  22:59  Nuke  
  200  23:17  Missile Turret  
  200  23:18  Missile Turret  
  200  23:19  Missile Turret  
  200  23:21  Missile Turret x3  
  200  23:27  Orbital Command  
  200  23:32  Command Center  
  200  23:33  Command Center  
  199  25:08  Orbital Command x3  
  199  25:18  Command Center  
  199  25:22  Command Center  
  195  25:28  Command Center  
  195  25:29  Ghost x2  
  195  25:33  Missile Turret  
  199  26:06  Refinery  
  199  26:07  Refinery  
  199  26:44  Missile Turret  
  193  28:11  Liberator  
  187  28:15  Ghost x6  
  194  28:43  Ghost x3  
  196  28:53  Ghost x2  
  200  28:56  Nuke  
  200  28:59  Nuke x3  
  200  29:33  Orbital Command  
  200  29:36  Ghost  
  195  30:38  Liberator x4  
  147  30:59  Ghost x4  
  147  31:00  Ghost x2  
  147  31:03  Planetary Fortress  
  159  31:09  Thor x2  
  171  31:18  Terran Ship Weapons Level 2  
  171  31:21  Liberator x2  
  171  31:27  Ghost  
  171  31:28  Ghost x2  
  177  31:38  Medivac x2  
  187  31:50  Liberator  
  187  31:51  Liberator  
  187  32:04  Starport  
  187  32:05  Starport  
  187  32:07  Liberator x2  
  193  32:08  Orbital Command  
  193  32:09  Orbital Command  
  193  32:13  Nuke  
  199  32:32  Sensor Tower  
  199  32:40  Missile Turret  
  199  32:41  Sensor Tower  
  198  33:08  Starport Reactor x2  
  197  33:14  Ghost  
  198  34:33  Ghost  
Tags
 
Add a new tag
Caveats
  • Supply blocks, unpowered buildings, or Contaminate may cause inaccurate times.
  • Supply counts are checked every 10 seconds.